 Dungeon Crawl Stone Soup version 0.21-a0-207-g4a9efaf (webtiles) character file.

42 tehllama the Insei (level 3, 0/23 HPs)
             Began as an Octopode Transmuter on Aug 21, 2017.
             Slain by a gnoll
             ... wielding a +0 spear
              (5 damage)
             ... on level 2 of the Dungeon.
             The game lasted 00:01:45 (1400 turns).

tehllama the Insei (Octopode Transmuter)            Turns: 1400, Time: 00:01:46

Health: 0/23       AC:  1    Str: 10    XL:     3   Next: 54%
Magic:  6/6        EV: 13    Int: 15    God:
Gold:   95         SH:  0    Dex: 12    Spells: 5/6 levels left

rFire    . . .     SeeInvis .     - Unarmed
rCold    . . .     Gourm    .   (no shield)
rNeg     . . .     Faith    .   (helmet restricted)
rPois    .         Spirit   .   (no amulet)
rElec    .         Reflect  .   g - ring of resist corrosion
rCorr    +         Harm     .   (no ring)
MR       .....                  (no ring)
Stlth    ++........             (no ring)
HPRegen  0.07/turn              (no ring)
MPRegen  0.10/turn              (no ring)
                                (no ring)
                                (no ring)

@: no status effects
A: almost no armour, stealthy swim, amphibious, 8 rings, constrict 8, camouflage
1, gelatinous body 1
a: no special abilities


You were on level 2 of the Dungeon.
You were hungry.

You visited 1 branch of the dungeon, and saw 2 of its levels.

You collected 95 gold pieces.

Inventory:

Missiles
 a - 12 arrows
Jewellery
 g - a ring of resist corrosion (left tentacle)
Scrolls
 d - 2 scrolls of random uselessness {unknown}
 e - 2 scrolls of enchant weapon {unknown}
 f - a scroll of magic mapping {unknown}
 h - a scroll of fog {unknown}
 i - 2 scrolls of teleportation {unknown}
 l - 3 scrolls of identify {unknown}
Potions
 j - a potion of curing {unknown}
 k - a potion of degeneration {unknown}
Books
 b - a book of Changes

   Spells                             Type                      Level
   a - Beastly Appendage              Transmutation                1
   b - Sticks to Snakes               Transmutation                2
   c - Spider Form                    Transmutation/Poison         3
   d - Ice Form                       Ice/Transmutation            4
   e - Blade Hands                    Transmutation                5
Comestibles
 c - a bread ration


   Skills:
 + Level 1.1 Fighting
 - Level 2.0 Dodging
 + Level 0.8 Stealth
 * Level 4.3 Unarmed Combat
 - Level 2.0 Spellcasting
 - Level 2.0 Transmutations


You had 5 spell levels left.
You knew the following spells:

 Your Spells              Type           Power        Failure   Level  Hunger
a - Beastly Appendage     Tmut           #.....       10%         1    #......


Dungeon Overview and Level Annotations

Branches:
Dungeon (2/15)

Altars:


Innate Abilities, Weirdness & Mutations

You cannot wear most types of armour.
You are very stealthy in the water. (Stealth+)
You are amphibious.
You can wear up to eight rings at the same time.
You can use your tentacles to constrict eight enemies at once.
Your skin changes colour to match your surroundings (Stealth+).
Your rubbery body absorbs attacks. (AC +1, EV +1)


Message History

You kill the gnoll!
The gnoll barely misses you.
The gnoll hits you from afar with a spear!
A kobold comes into view.
The gnoll hits you with a spear!
* * * LOW HITPOINT WARNING * * *
Things that are here:
a whip; 15 stones You bludgeon the gnoll!
Your grab misses the gnoll.
The gnoll is severely wounded.
The gnoll misses you.
A leopard gecko comes into view.
You closely miss the gnoll.
The leopard gecko hisses angrily.
You grab the gnoll.
You squeeze the gnoll, but do no damage.
The gnoll is severely wounded.
You constrict the gnoll, but do no damage.
The gnoll hits you with a spear.
You die...

#.# ##.# #.# #.#####.
#.### #.....#.# #...#
##....#.# ##.###.#
#....#.# #
#......#####...#.#
.l...###....##..##.#
##K..###....###.##.#####
.....gg@........##......
##....##)...##..##[####.
#..# ##....##.....# #.
## #......#...#.# #.
#......#.#.#.####.
#........#.#......
#......###...#####
####......# #...#
#.........###...#


You could see 2 gnolls, a leopard gecko and a kobold.

Vanquished Creatures
  A gnoll (D:2)
  An adder (D:2)
  A leopard gecko (D:1)
  4 goblins
  3 hobgoblins (D:1)
  A ball python (D:1)
  A bat (D:1)
  8 kobolds
  3 rats
23 creatures vanquished.

Notes
Turn   | Place    | Note
-------+----------+-------------------------------------------
     0 | D:1      | tehllama the Octopode Transmuter began the quest for the Orb.
     0 | D:1      | Reached XP level 1. HP: 13/13 MP: 3/3
   473 | D:1      | Reached XP level 2. HP: 18/18 MP: 3/5
  1005 | D:2      | Reached skill level 4 in Unarmed Combat
  1113 | D:2      | Reached XP level 3. HP: 9/23 MP: 6/6
  1400 | D:2      | Slain by a gnoll

Vault maps used:
D:1:      dpeg_arrival_round_c
D:2:      first_bread

Skill      XL: |  1  2 |
---------------+-------+-----
Unarmed Combat | 4 |  4.3
Fighting       | |  1.1
Dodging        | |  2.0
Stealth        | |  0.8
Spellcasting   | |  2.0
Transmutations | |  2.0

Action                   || total
-------------------------++-------
Melee: Unarmed           ||    58
       Constrict         ||    12
       Tentacles         ||     5
       Kick              ||     1
       Punch             ||     1
 Cast: Beastly Appendage ||     6
 Stab: Sleeping          ||     1
  Eat: Chunk             ||     1
Armor: Skin              ||     2
Dodge: Dodged            ||    31
